 Dungeon Crawl Stone Soup version 0.21.1-1-g345015fe64 (webtiles) character file.

93 montgommery the Shield-Bearer (level 4, -3/40 HPs)
             Began as a Minotaur Fighter on June 7, 2018.
             Slain by a gnoll
             ... wielding a +0 halberd
              (9 damage)
             ... on level 3 of the Dungeon.
             The game lasted 00:08:22 (1744 turns).

montgommery the Shield-Bearer (Minotaur Fighter)    Turns: 1744, Time: 00:08:23

Health: -3/40      AC:  9    Str: 21    XL:     4   Next: 37%
Magic:  0/3        EV:  5    Int:  5    God:
Gold:   94         SH:  9    Dex: 10    Spells: 3/3 levels left

rFire    . . .     SeeInvis .   a - +0 war axe
rCold    . . .     Gourm    +   c - +0 shield
rNeg     . . .     Faith    .   h - +0 chain mail
rPois    .         Spirit   +   (helmet restricted)
rElec    .         Reflect  .   o - scarf {Spirit}
rCorr    .         Harm     .   (no gloves)
MR       .....                  (no boots)
Stlth    ..........             q - amulet of the gourmand
HPRegen  0.13/turn              (no ring)
MPRegen  0.08/turn              (no ring)

@: no status effects
A: retaliatory headbutt, horns 2
a: no special abilities


You were on level 3 of the Dungeon.
You were not hungry.

You visited 1 branch of the dungeon, and saw 3 of its levels.

You collected 94 gold pieces.

Inventory:

Hand Weapons
 a - a +0 war axe (weapon)
Armour
 c - a +0 shield (worn)
 h - a +0 chain mail (worn)
 k - a +2 helmet
 o - a scarf of spirit shield (worn)
Jewellery
 q - an amulet of the gourmand (around neck)
Scrolls
 i - a scroll of identify
 j - 3 scrolls of remove curse {unknown}
 l - a scroll of fear {unknown}
 n - a scroll of enchant armour {unknown}
Potions
 b - a potion of invisibility
 d - 2 potions of might
 e - 2 potions of curing {unknown}
 g - a potion of agility {unknown}
 m - a potion of resistance {unknown}
 p - 2 potions of cancellation
Comestibles
 f - 8 rations


   Skills:
 + Level 4.2 Fighting
 + Level 3.6 Axes
 + Level 4.4 Armour
 + Level 0.2 Dodging
 + Level 4.4 Shields


You had 3 spell levels left.
You didn't know any spells.

Dungeon Overview and Level Annotations

Branches:
Dungeon (3/15)

Altars:
Kikubaaqudgha
Yredelemnul


Innate Abilities, Weirdness & Mutations

You reflexively headbutt those who attack you in melee.
You have a pair of horns on your head.


Message History

You see here a spear.
You barely miss the gnoll. You hit the gnoll. The gnoll hits you with a flail.
You block the gnoll's attack.
You hit the gnoll.
The gnoll is heavily wounded.
Your shield and chain mail prevent you from hitting the gnoll.
You block the gnoll's attack. The gnoll hits you with a halberd!
* * * LOW HITPOINT WARNING * * *
You block the gnoll's attack.
You slash the gnoll!
You kill the gnoll!
You closely miss the gnoll. You block the gnoll's attack.
You block the gnoll's attack.
Things that are here:
a flail; a gnoll corpse
As you read the scroll labeled HURHUR JEMELE, it crumbles to dust.
It is a scroll of identify.
p - 2 potions of cancellation The gnoll hits you from afar with a halberd!
You die...

.## ##... ..?.#
####..# #.....#
#.....# # #.....#
#..#s##@....######
. #.Sg)(.†........
.# #.######.######
(.# #..# ###..
##.# ....
#.#####..#
#..#....#
####.#....#
#.....÷.#######


You could see a gnoll and an adder.

Vanquished Creatures
  2 gnolls (D:3)
  An adder (D:2)
  A worm (D:2)
  3 dart slugs
  3 leopard geckos
  An orc (D:3)
  3 giant cockroaches
  8 goblins
  6 hobgoblins
  2 jackals (D:1)
  6 kobolds
  7 bats
  5 frilled lizards
  4 rats
  A withered plant (D:2)
53 creatures vanquished.

Notes
Turn   | Place    | Note
-------+----------+-------------------------------------------
     0 | D:1      | montgommery the Minotaur Fighter began the quest for the Orb.
     0 | D:1      | Reached XP level 1. HP: 19/19 MP: 0/0
   151 | D:1      | Reached XP level 2. HP: 27/27 MP: 1/1
   816 | D:1      | You fall through a shaft!
   846 | D:2      | Reached XP level 3. HP: 32/33 MP: 2/2
  1058 | D:2      | Found a basalt altar of Yredelemnul.
  1420 | D:2      | Found an ancient bone altar of Kikubaaqudgha.
  1552 | D:3      | Reached XP level 4. HP: 38/40 MP: 3/3
  1744 | D:3      | Slain by a gnoll

Skill      XL: |  1  2  3 |
---------------+----------+-----
Fighting       | 4 |  4.2
Shields        | 4 |  4.4
Armour         | 4 |  4.4
Axes           | 3 |  3.6
Dodging        | |  0.2

Action                   |  1- 3 |  4- 6 || total
-------------------------+-------+-------++-------
Melee: War axe           |   127 |    12 ||   139
       Headbutt          |    15 |     2 ||    17
  Use: Scroll            |       |     1 ||     1
  Eat: Chunk             |     2 |     1 ||     3
Armor: Scale mail        |    27 |       ||    27
       Chain mail        |    44 |     6 ||    50
Dodge: Dodged            |    36 |     2 ||    38
Block: Shield            |    63 |     7 ||    70
